 Dungeon Crawl Stone Soup version 0.17.1-1-g73c8601 (webtiles) character file.

321730 JokEr the Slayer (level 21, -1/154 HPs)
             Began as a Gargoyle Fighter on Dec 10, 2015.
             Was a High Priest of Okawaru.
             Killed by the air
             ... invoked by a spriggan air mage
              (28 damage)
             ... on level 3 of the Depths on Dec 11, 2015.
             The game lasted 03:09:26 (54250 turns).

JokEr the Slayer (Gargoyle Fighter)                Turns: 54250, Time: 03:09:56

Health: -1/154     AC: 45    Str: 34    XL:     21   Next: 53%
Magic:  25/27      EV: 10    Int: 10    God:    Okawaru [*****.]
Gold:   1552       SH:  0    Dex: 14    Spells: 0 memorised, 20 levels left

rFire  + + .     SeeInvis .     l - +8 great mace (protect)
rCold  + + +     Clarity  .     Z - +8 gold dragon armour
rNeg   + + .     SustAt   .     (shield currently unavailable)
rPois  ∞         Gourm    .     H - +0 helmet of Zigeck {Regen+}
rElec  +         Spirit   .     (no cloak)
rCorr  .         Warding  +     g - +0 pair of gloves
rMut   .         Stasis   .     J - +0 pair of boots of Ente {rElec rF+}
MR     +....                    C - amulet "Miusad" {Ward +Blink rC- rN+ Str+3 Dex+3}
Stlth  ..........               M - ring "Weugisuk" {rC++ Slay+2 Stlth+}
                                k - +4 ring of strength

@: exhausted, heroism, corroded equipment, flying, slowed, very slow, somewhat
resistant to hostile enchantments, extremely unstealthy
A: big wings, agile 1, cold resistance 1, dopey 1, negative energy resistance 1,
electricity resistance, unbreathing, petrification resistance, rot immunity, AC
+15
a: Stop Flying, Heroism, Finesse, Renounce Religion, Evoke Blink
}: 2/15 runes: serpentine, barnacled


You were on level 3 of the Depths.
You worshipped Okawaru.
Okawaru was extremely pleased with you.
You were hungry.

You visited 7 branches of the dungeon, and saw 39 of its levels.
You also visited: Ice Cave.

You collected 3759 gold pieces.
You spent 2207 gold pieces at shops.

Inventory:

Hand Weapons
 l - a +8 great mace of protection (weapon)
Armour
 g - a +0 pair of gloves (worn)
 q - a +2 shield of reflection
 H - the +0 helmet of Zigeck (worn) {Regen+}
   (You bought it in a shop on level 2 of the Depths)

   It increases your rate of regeneration.
 J - the +0 pair of boots of Ente (worn) {rElec rF+}
   (Okawaru gifted it to you on level 15 of the Dungeon)

   It protects you from fire.
   It insulates you from electricity.
 Z - a +8 gold dragon armour (worn)
Jewellery
 k - a +4 ring of strength (left hand)
 C - the amulet "Miusad" (around neck) {Ward +Blink rC- rN+ Str+3 Dex+3}
   (You found it on level 14 of the Dungeon)

   [amulet of warding]

   It may prevent the melee attacks of summoned creatures.
   It affects your strength (+3).
   It affects your dexterity (+3).
   It makes you vulnerable to cold.
   It protects you from negative energy.
   It lets you blink.
 M - the ring "Weugisuk" (right hand) {rC++ Slay+2 Stlth+}
   (You found it on level 4 of the Shoals)

   [ring of stealth]

   It affects your accuracy and damage with ranged weapons and melee attacks
   (+2).
   It greatly protects you from cold.
   It makes you more stealthy.
Wands
 a - a wand of enslavement (15)
 d - a wand of fireball (2)
 e - a wand of digging (10)
 p - a wand of flame (31)
 s - a wand of confusion (27)
 x - a wand of slowing (26)
 y - a wand of polymorph (12)
 G - a wand of slowing (28)
 I - a wand of enslavement (16)
 O - a wand of frost (18)
 P - a wand of cold (7)
 Q - a wand of draining (6)
 T - a wand of fire (8)
 V - a wand of slowing (28)
Scrolls
 h - 6 scrolls of identify
 j - 3 scrolls of summoning
 m - 17 scrolls of remove curse
 n - 16 scrolls of teleportation
 r - a scroll of fog
 t - 2 scrolls of brand weapon
 w - 8 scrolls of amnesia
 F - 3 scrolls of recharging
Potions
 c - 3 potions of agility
 f - 3 potions of brilliance
 u - a potion of cancellation
 v - 2 potions of invisibility
 B - 4 potions of curing
 U - 2 potions of ambrosia
 W - 5 potions of magic
Books
 o - a book of Power

   Spells                             Type                      Level
   a - Fulminant Prism                Conjuration/Hexes            4
   b - Iskenderun's Mystic Blast      Conjuration                  4
   c - Venom Bolt                     Conjuration/Poison           5
   d - Bolt of Magma                  Conjuration/Fire/Earth       5
   e - Iron Shot                      Conjuration/Earth            6
   f - Orb of Destruction             Conjuration                  7
   g - Spellforged Servitor           Conjuration/Summoning        7
 R - a book of Maledictions

   Spells                             Type                      Level
   a - Corona                         Hexes                        1
   b - Ensorcelled Hibernation        Hexes/Ice                    2
   c - Confuse                        Hexes                        3
   d - Tukima's Dance                 Hexes                        3
   e - Dazzling Spray                 Conjuration/Hexes            3
 S - the Guide on Orientation
   (You found it on level 4 of the Shoals)

   Spells                             Type                      Level
   a - Shroud of Golubria             Charms/Translocation         2
   b - Blink                          Translocation                2
   c - Recall                         Summoning/Translocation      3
   d - Passage of Golubria            Translocation                4
 X - a book of Alchemy

   Spells                             Type                      Level
   a - Sublimation of Blood           Necromancy                   2
   b - Ignite Poison                  Fire/Transmutation/Poison    3
   c - Alistair's Intoxication        Transmutation/Poison         4
   d - Condensation Shield            Ice                          4
   e - Petrify                        Transmutation/Earth          4
   f - Irradiate                      Conjuration/Transmutation    5
 Y - a book of Fire

   Spells                             Type                      Level
   a - Ignite Poison                  Fire/Transmutation/Poison    3
   b - Fireball                       Conjuration/Fire             5
   c - Bolt of Fire                   Conjuration/Fire             6
   d - Delayed Fireball               Conjuration/Fire             7
   e - Ring of Flames                 Charms/Fire                  7
Miscellaneous
 z - a phial of floods
Comestibles
 b - 2 slices of pizza
 i - 7 chunks of flesh
 K - 3 bread rations


   Skills:
 + Level 23.5(27) Fighting
 + Level 22.6(27) Maces & Flails
 - Level 16.0(21.0) Armour
 - Level 3.2(8.2) Shields
 - Level 8.2 Invocations


You had 20 spell levels left.
You didn't know any spells.

Dungeon Overview and Level Annotations

Branches:
Dungeon (15/15)            Temple (1/1) D:4            Lair (8/8) D:10
 Shoals (4/4) Lair:5        Snake (4/4) Lair:6        Slime (0/6) Lair:6
    Orc (4/4) D:11            Elf (0/3) Orc:3        Vaults (0/5) D:13
 Depths (3/5) D:15

Altars:
Ashenzari
Cheibriados
Dithmenos
Elyvilon
Fedhas
Gozag
Kikubaaqudgha
Makhleb
Nemelex Xobeh
Okawaru
Qazlal
Ru
Sif Muna
Trog
Vehumet
Xom
Yredelemnul
Zin
The Shining One
Beogh
Lugonu

Shops:
D:4 !([   D:7 ?   D:11 (   Orc:2 ?   Orc:4 =*::   Snake:1 [   Depths:2 =**(

Portals:
Hell: Depths:1 Depths:2 Depths:3
Abyss: Depths:1
Pandemonium: Depths:3
Ziggurat: Depths:3
Trove: D:12 (give 2 potions of cure mutation)

Annotations:
D:4 Pikel


Innate Abilities, Weirdness & Mutations

You are resistant to torment.
Your stone body is resilient (AC +15).
You are immune to poison.
Your large and strong wings let you fly indefinitely.
You resist negative energy.
You are resistant to electric shocks.
You can survive without breathing.
You are immune to petrification.
You are immune to rotting.
You are agile. (Dex +2)
Your flesh is cold resistant.
You are dopey. (Int -2)


Message History

The ice dragon bites you but does no damage.
The ice dragon claws you but does no damage.
The ice dragon tramples you but does no damage.
Found 22 gold pieces, a wand of polymorph and a potion of berserk rage.
Found an escape hatch in the ceiling.
A fire drake, an ice dragon and a spriggan air mage come into view.
A spriggan air mage, a fire giant and 2 tengu reavers come into view.
The spriggan air mage shouts!
The tengu reaver shouts!
The fire giant shouts!
The spriggan air mage hits you but does no damage.
The ice dragon bites you!
* * * LOW HITPOINT WARNING * * *
The ice dragon claws you but does no damage.
The ice dragon tramples you but does no damage.
The fire giant hits you with a great sword of flaming.
* * * LOW HITPOINT WARNING * * *
The spriggan air mage waves its arms in wide circles.
The air twists around and violently strikes you in flight!
The spriggan air mage waves its arms in wide circles.
The air twists around and violently strikes you in flight!
You die...

#)C# †..#
.###....§ C#.# ##
#'#.....# #### #≈!
....k.i'# .G#
#§/##....C.'# .#'#
#≈...#....' .R ..
#§...#...+ .#' C.#
#≈.$.CDi# ..#. ..
#≈≈≈≈≈@≈# ## ## #
########§#
##################
≈Q
.................#
%Q#
..#...#...#...<..#
..C
#...#...#...#.)<.#
#.
..#...#...#...<).#
....#........).).#
....#...#####....#


You could see a frost giant, 2 fire giants, an ice dragon, 2 tengu reavers, 2
spriggan air magi and a fire drake.

Vanquished Creatures
  A juggernaut (Depths:3)
  A caustic shrike (Depths:3)
  Nikola (Snake:2)
  The ghost of asdu the Imperceptible, an adept SpCK of Xom (Depths:2)
  A kraken (Shoals:3)
  An octopode crusher (Depths:1)
  Ilsuiw (Shoals:4)
  3 frost giants
  7 greater nagas
  Donald (Orc:4)
  Louise (D:14)
  5 fire giants
  3 very ugly things (Depths:3)
  6 stone giants
  2 caustic shrike skeletons (Depths:2)
  A vampire knight (Depths:1)
  Nessos (Lair:5)
  8 merfolk javelineers
  8 ettins
  2 blizzard demons (IceCv)
  An ettin (shapeshifter) (Depths:1)
  4 fire dragons
  9 merfolk impalers
  Josephine (Lair:7)
  2 yaktaur captains
  3 ice dragons
  A great orb of eyes (Depths:1)
  Fannar (Lair:1)
  13 naga warriors
  A catoblepas (Lair:8)
  A spriggan air mage (Depths:3)
  2 centaur warriors (D:15)
  3 merfolk avatars
  Erica (Lair:1)
  4 merfolk aquamancers
  5 entropy weavers
  A rakshasa (Depths:3)
  28 anacondas
  11 hydras
  2 vampire magi
  3 ogre magi
  4 alligator snapping turtles
  3 satyrs
  20 death yaks
  4 tengu warriors
  An orc high priest (Orc:4)
  5 deep troll shamans
  Urug (Lair:3)
  2 deep troll earth magi
  18 naga sharpshooters
  2 hell knights (Depths:3)
  10 shock serpents
  18 skeletal warriors (Depths:2)
  5 salamander mystics (Snake:4)
  6 sea snakes
  6 ice devils (IceCv)
  2 unseen horrors
  8 deep trolls
  3 iron trolls (Depths:2)
  2 storm dragon skeletons (Depths:2)
  An orc knight (Orc:4)
  6 lindwurms
  A flayed ghost (Depths:3)
  7 naga ritualists
  A swamp dragon (shapeshifter) (Depths:2)
  5 hill giants
  20 mana vipers
  2 wizards (Depths:2)
  11 harpies
  2 oklob plants
  18 fauns
  3 golden dragon skeletons (Depths:2)
  4 orc sorcerers (Orc:4)
  6 manticores
  19 ugly things
  9 salamanders
  A shadow dragon skeleton (Depths:2)
  9 water nymphs
  4 cyclopes
  A salamander (shapeshifter) (Depths:1)
  An iron dragon skeleton (Depths:2)
  53 black mambas
  7 guardian serpents (Snake:4)
  2 tengu skeletons (Depths:2)
  5 frost giant skeletons (Depths:2)
  6 sirens
  18 elephants
  2 centaur zombies (D:14)
  5 griffons
  Joseph (Lair:1)
  18 spiny frogs
  2 ice statues (IceCv)
  19 naga magi
  An octopode (shapeshifter) (Depths:3)
  A gargoyle (D:14)
  3 anaconda simulacra (IceCv)
  12 yaktaurs
  14 komodo dragons
  3 kobold demonologists (D:11)
  3 jumping spiders
  A jumping spider (shapeshifter) (D:13)
  3 wind drakes
  24 merfolk
  A yaktaur (shapeshifter) (Depths:1)
  A tengu conjurer (Depths:2)
  A polar bear (Lair:8)
  A two-headed ogre (shapeshifter) (Depths:2)
  A fire drake (Lair:4)
  A troll (shapeshifter) (D:15)
  3 blue devils (IceCv)
  A blink frog (shapeshifter) (D:14)
  3 slime creatures (D:12)
  3 trolls
  8 blink frogs
  6 snapping turtles
  3 two-headed ogres
  An ettin skeleton (Depths:2)
  7 spriggan skeletons (Depths:2)
  3 wyverns
  A spriggan (D:7)
  A trapdoor spider (D:15)
  3 tarantellas (Depths:1)
  18 flying skulls (Depths:2)
  10 redbacks
  18 water elementals
  2 vampires
  5 wraiths
  3 air elementals (Depths:3)
  16 hippogriffs
  Eustachio (D:5)
  3 basilisks
  A hog (shapeshifter) (D:15)
  A deep elf fighter (D:15)
  11 yaks
  A human (shapeshifter) (Depths:1)
  4 deep elf magi
  28 nagas
  4 hungry ghosts
  25 wolves
  18 water moccasins
  8 vampire mosquitoes (D:14)
  2 wargs (Orc:1)
  4 harpy simulacra (IceCv)
  2 hydra simulacra (IceCv)
  A soldier ant (D:12)
  11 porcupines
  2 ice beasts
  3 phantoms
  A hornet simulacrum (D:15)
  3 necrophages
  23 orc warriors
  5 sky beasts
  An eye of draining (D:11)
  12 ogres
  2 wasps
  The ghost of endege the Skirmisher, an amateur DsFi (D:3)
  3 black bears
  13 centaurs
  8 crocodiles
  An ettin simulacrum (IceCv)
  7 big kobolds
  A crocodile (shapeshifter) (D:13)
  20 giant frogs
  A gnoll sergeant (D:7)
  3 scorpions
  3 electric eels
  14 killer bees
  17 wights
  6 crimson imps
  3 hounds
  A giant frog zombie (D:13)
  4 giant frog skeletons
  5 centaur skeletons
  3 jellies
  41 orc wizards
  Crazy Yiuf (D:5)
  A wyvern simulacrum (D:14)
  10 iguanas
  12 worker ants
  26 orc priests
  A killer bee zombie (D:9)
  26 sheep
  A hound zombie (D:8)
  A hound skeleton (D:4)
  7 gnolls
  18 adders
  42 river rats
  12 white imps (Snake:2)
  3 shadow imps
  An ooze (D:5)
  An adder skeleton (D:6)
  An adder zombie (D:9)
  5 worms
  12 giant geckos
  158 orcs
  7 bats
  9 goblins
  10 hobgoblins
  5 jackals
  2 quokkas
  8 giant cockroaches
  2 giant gecko skeletons
  4 giant newts
  22 kobolds
  A quokka skeleton (D:9)
  A quokka zombie (D:8)
  16 rats
  A butterfly (Lair:1)
  7 plants
1493 creatures vanquished.

Vanquished Creatures (others)
  A wizard (Depths:3)
  A necromancer (Depths:2)
  A naga (Snake:2)
  An ogre (Depths:2)
  2 orc wizards (Orc:4)
  A kobold (D:11)
  17 fungi
  12 plants
  4 tentacles (Shoals:3)
  44 tentacle segments (Shoals:3)
84 creatures vanquished.

Grand Total: 1577 creatures vanquished

Notes
Turn   | Place    | Note
--------------------------------------------------------------
     0 | D:1      | JokEr the Gargoyle Fighter began the quest for the Orb.
     0 | D:1      | Reached XP level 1. HP: 14/14 MP: 1/1
   128 | D:1      | Reached XP level 2. HP: 19/19 MP: 2/2
   344 | D:1      | Reached XP level 3. HP: 12/24 MP: 3/3
   507 | D:1      | Reached skill level 4 in Fighting
  1165 | D:2      | Reached XP level 4. HP: 16/30 MP: 4/4
  1951 | D:2      | Found a sacrificial altar of Ru.
  2040 | D:3      | Found a stormy altar of Qazlal.
  2041 | D:3      | Found a burning altar of Makhleb.
  2208 | D:3      | Found a shattered altar of Ashenzari.
  2244 | D:3      | Noticed endege's ghost (amateur DsFi)
  2259 | D:3      | Killed endege's ghost
  2259 | D:3      | Reached skill level 5 in Fighting
  2259 | D:3      | Reached XP level 5. HP: 31/35 MP: 5/5
  2623 | D:3      | Found an ancient bone altar of Kikubaaqudgha.
  2623 | D:3      | Found a glowing golden altar of the Shining One.
  2860 | D:3      | Reached XP level 6. HP: 40/40 MP: 6/6
  3332 | D:4      | Found Riguf's Weapon Boutique.
  3475 | D:4      | Reached skill level 6 in Fighting
  3514 | D:4      | Found Cegymezonn's Distillery.
  3518 | D:4      | Bought a potion of haste for 130 gold pieces
  3599 | D:4      | Found Lirhinlutz's Food Shop.
  3607 | D:4      | Reached skill level 5 in Maces & Flails
  3609 | D:4      | Found a staircase to the Ecumenical Temple.
  3614 | D:4      | Bought a beef jerky for 15 gold pieces
  3614 | D:4      | Bought a beef jerky for 15 gold pieces
  3614 | D:4      | Bought a meat ration for 50 gold pieces
  3628 | Temple   | Entered the Ecumenical Temple
  3722 | Temple   | Became a worshipper of Warmaster Okawaru
  4026 | D:4      | Noticed Pikel
  4047 | D:4      | Found Okabled's Armour Shoppe.
  4286 | D:4      | Reached XP level 7. HP: 47/47 MP: 7/7
  4567 | D:5      | Entered Level 5 of the Dungeon
  4659 | D:5      | Found a bloodstained altar of Trog.
  4723 | D:5      | Noticed Crazy Yiuf
  4731 | D:5      | Killed Crazy Yiuf
  4894 | D:5      | Noticed Eustachio
  4913 | D:5      | Killed Eustachio
  4913 | D:5      | Reached skill level 7 in Fighting
  5150 | D:5      | Reached * piety under Okawaru
  5360 | D:6      | Reached XP level 8. HP: 37/54 MP: 8/8
  5379 | D:6      | Reached skill level 8 in Fighting
  5737 | D:6      | Reached ** piety under Okawaru
  5928 | D:6      | You fall through a shaft for 3 floors!
  5963 | D:8      | Reached skill level 9 in Fighting
  6256 | D:8      | Reached XP level 9. HP: 60/60 MP: 9/9
  6808 | D:6      | Reached *** piety under Okawaru
  6846 | D:6      | Reached skill level 10 in Fighting
  7339 | D:7      | Found Umumu's Magic Scroll Shop.
  7350 | D:7      | Bought a scroll of enchant weapon for 105 gold pieces
  7350 | D:7      | Bought a scroll of identify for 28 gold pieces
  7831 | D:7      | Found a radiant altar of Vehumet.
  7876 | D:8      | Found a shattered altar of Ashenzari.
  7952 | D:8      | Reached **** piety under Okawaru
  7952 | D:8      | Reached skill level 11 in Fighting
  8005 | D:8      | Reached XP level 10. HP: 64/69 MP: 10/10
  8071 | D:8      | Reached skill level 10 in Maces & Flails
  8280 | D:8      | Got a faintly glowing copper ring
  8736 | D:8      | Identified the ring "Naeps" {*Drain rPois MR+ Int+6 Stlth+} (You found it on level 8 of the Dungeon)
  8864 | D:9      | Noticed a two-headed ogre
  8869 | D:9      | Killed a two-headed ogre
  9100 | D:9      | Reached ***** piety under Okawaru
  9214 | D:9      | Reached skill level 12 in Fighting
  9220 | D:9      | Received a gift from Okawaru
  9538 | D:10     | Entered Level 10 of the Dungeon
  9716 | D:10     | Identified the Almanac of Lightness
  9931 | D:10     | Found a staircase to the Lair.
 10902 | Lair:1   | Entered Level 1 of the Lair of Beasts
 10958 | Lair:1   | Noticed a seven-headed hydra
 10969 | Lair:1   | Killed a seven-headed hydra
 10969 | Lair:1   | Reached XP level 11. HP: 48/76 MP: 8/11
 11107 | Lair:1   | Noticed Fannar
 11367 | Lair:1   | Killed Fannar
 11640 | Lair:1   | Received a gift from Okawaru
 12265 | Lair:1   | Noticed Erica
 12276 | Lair:1   | Killed Erica
 12276 | Lair:1   | Received a gift from Okawaru
 12276 | Lair:1   | Reached skill level 10 in Armour
 12490 | Lair:1   | Noticed Joseph
 12491 | Lair:1   | Noticed a six-headed hydra
 12515 | Lair:1   | Killed a six-headed hydra
 12662 | Lair:1   | Killed Joseph
 12662 | Lair:1   | Received a gift from Okawaru
 12800 | Lair:1   | Noticed an eight-headed hydra
 12823 | Lair:1   | Killed an eight-headed hydra
 13183 | Lair:1   | Reached XP level 12. HP: 78/82 MP: 12/12
 13603 | Lair:2   | Noticed an eight-headed hydra
 13608 | Lair:2   | Killed an eight-headed hydra
 13665 | Lair:2   | Identified Foirua Avvua's Guide on the Arsonist and Confrontation
 14290 | Lair:3   | Noticed Urug
 14296 | Lair:3   | Reached ****** piety under Okawaru
 14307 | Lair:3   | Killed Urug
 14307 | Lair:3   | Received a gift from Okawaru
 14307 | Lair:3   | Reached skill level 13 in Fighting
 15309 | Lair:4   | Noticed a seven-headed hydra
 15321 | Lair:4   | Killed a seven-headed hydra
 15412 | Lair:4   | Noticed a death yak
 15412 | Lair:4   | Noticed a death yak
 15414 | Lair:4   | Noticed a death yak
 15414 | Lair:4   | Noticed a death yak
 15448 | Lair:4   | Killed a death yak
 15448 | Lair:4   | Reached skill level 5 in Invocations
 15454 | Lair:4   | Killed a death yak
 15454 | Lair:4   | Received a gift from Okawaru
 15600 | Lair:4   | Received a gift from Okawaru
 15676 | Lair:4   | Reached XP level 13. HP: 55/88 MP: 18/18
 16306 | Lair:4   | Noticed a death yak
 16306 | Lair:4   | Noticed a death yak
 16314 | Lair:4   | Killed a death yak
 16320 | Lair:4   | Killed a death yak
 16328 | Lair:4   | Killed a death yak
 16340 | Lair:4   | Killed a death yak
 16340 | Lair:4   | Received a gift from Okawaru
 16340 | Lair:4   | Reached skill level 14 in Fighting
 17746 | Lair:5   | Found a staircase to the Shoals.
 18172 | Lair:5   | Noticed Nessos
 18202 | Lair:5   | Killed Nessos
 18202 | Lair:5   | Received a gift from Okawaru
 18202 | Lair:5   | Reached skill level 15 in Fighting
 18453 | Lair:5   | Gained mutation: Your large and strong wings let you fly indefinitely. [Gargoyle growth]
 18453 | Lair:5   | Reached XP level 14. HP: 98/98 MP: 20/20
 18491 | Lair:6   | Found a staircase to the Snake Pit.
 18505 | Lair:6   | Received a gift from Okawaru
 18590 | Lair:6   | Reached skill level 15 in Maces & Flails
 18662 | Lair:6   | Found a staircase to the Slime Pits.
 18670 | Lair:6   | Reached XP level 15. HP: 81/103 MP: 21/21
 19557 | Lair:7   | Noticed Josephine
 19582 | Lair:7   | Killed Josephine
 19589 | Lair:7   | Received a gift from Okawaru
 20370 | Lair:8   | Entered Level 8 of the Lair of Beasts
 20828 | Lair:8   | Reached skill level 16 in Fighting
 21072 | Lair:8   | Received a gift from Okawaru
 21680 | Lair:8   | Got an ichor-stained scale mail
 21828 | Lair:8   | Identified the +5 scale mail "Cir Oset" {rF+ rN++ Str-4 Dex+4} (You found it on level 8 of the Lair of Beasts)
 22389 | D:11     | Found Resypiw's Antique Weapon Emporium.
 22559 | D:11     | Found a staircase to the Orcish Mines.
 22724 | D:11     | Noticed a white ugly thing
 22732 | D:11     | Killed a white ugly thing
 23145 | D:11     | Noticed a hill giant
 23153 | D:11     | Killed a hill giant
 24142 | D:12     | Found a portal to a secret trove of treasure.
 25349 | Orc:1    | Entered Level 1 of the Orcish Mines
 25953 | Orc:2    | Found Ivijofim's Magic Scroll Boutique.
 25958 | Orc:2    | Bought a scroll of identify for 32 gold pieces
 25958 | Orc:2    | Bought a scroll of identify for 32 gold pieces
 25958 | Orc:2    | Bought a scroll of enchant weapon for 120 gold pieces
 25958 | Orc:2    | Bought a scroll of enchant armour for 120 gold pieces
 26145 | Orc:3    | Found a staircase to the Elven Halls.
 26374 | Orc:3    | Reached XP level 16. HP: 108/112 MP: 22/22
 26648 | Orc:4    | Entered Level 4 of the Orcish Mines
 26833 | Orc:4    | Found a roughly hewn altar of Beogh.
 26857 | Orc:4    | Reached skill level 17 in Fighting
 27076 | Orc:4    | Noticed Donald
 27115 | Orc:4    | Killed Donald
 27406 | Orc:4    | Received a gift from Okawaru
 27711 | Orc:4    | Found Rietismi's Book Emporium.
 27711 | Orc:4    | Found Uwiyle's Jewellery Shoppe.
 27729 | Orc:4    | Found Toathaix's General Store.
 27781 | Orc:4    | Found Pidwaici's Book Emporium.
 27792 | Orc:4    | Bought a +4 ring of strength for 351 gold pieces
 29436 | D:13     | Received a gift from Okawaru
 29449 | D:13     | Found a gate to the Vaults.
 29887 | D:14     | Found a shimmering altar of Xom.
 30219 | D:14     | Got a pitted sapphire amulet
 30311 | D:14     | Noticed Louise
 30342 | D:14     | Killed Louise
 30439 | D:15     | Entered Level 15 of the Dungeon
 30711 | D:15     | Found a staircase to the Depths.
 30800 | D:15     | Reached skill level 18 in Fighting
 31010 | D:15     | Received a gift from Okawaru
 31013 | D:15     | Got a pair of dazzling boots {god gift}
 31024 | D:15     | Identified the +0 pair of boots of Ente {rElec rF+} (Okawaru gifted it to you on level 15 of the Dungeon)
 31955 | D:4      | Bought a bread ration for 50 gold pieces
 31955 | D:4      | Bought a bread ration for 50 gold pieces
 31955 | D:4      | Bought a bread ration for 50 gold pieces
 31955 | D:4      | Bought a bread ration for 50 gold pieces
 31955 | D:4      | Bought a bread ration for 50 gold pieces
 31955 | D:4      | Bought 4 fruits for 60 gold pieces
 31955 | D:4      | Bought 3 fruits for 45 gold pieces
 31955 | D:4      | Bought 3 fruits for 45 gold pieces
 31955 | D:4      | Bought a slice of pizza for 15 gold pieces
 32469 | Snake:1  | Entered Level 1 of the Snake Pit
 32753 | Snake:1  | Identified the amulet "Miusad" {Ward +Blink rC- rN+ Str+3 Dex+3} (You found it on level 14 of the Dungeon)
 33541 | Snake:1  | Reached XP level 17. HP: 75/120 MP: 23/23
 34278 | Snake:1  | Found Owagoc's Armour Emporium.
 34925 | Snake:1  | Reached skill level 19 in Fighting
 35426 | Snake:2  | Noticed Nikola
 35469 | Snake:2  | Killed Nikola
 35474 | Snake:2  | Received a gift from Okawaru
 35595 | Snake:2  | Found a deep blue altar of Sif Muna.
 35796 | Snake:2  | Found a frozen archway.
 35959 | IceCv    | Entered an ice cave
 36845 | IceCv    | Gained mutation: You are agile. (Dex +2) [potion of mutation]
 36845 | IceCv    | Gained mutation: You are dopey. (Int -2) [potion of mutation]
 36845 | IceCv    | Gained mutation: Your flesh is cold resistant. [potion of mutation]
 38571 | Snake:4  | Entered Level 4 of the Snake Pit
 38601 | Snake:4  | Reached skill level 20 in Fighting
 38644 | Snake:4  | Reached XP level 18. HP: 78/129 MP: 21/24
 39261 | Snake:4  | Received a gift from Okawaru
 40953 | Snake:4  | Reached skill level 15 in Armour
 41017 | Snake:4  | Got a serpentine rune of Zot
 41047 | Snake:4  | Received a gift from Okawaru
 41427 | Snake:3  | Reached XP level 19. HP: 127/136 MP: 25/25
 42738 | Shoals:1 | Entered Level 1 of the Shoals
 45034 | Shoals:3 | Received a gift from Okawaru
 45369 | Shoals:3 | Got a scorched dire flail {god gift}
 45370 | Shoals:3 | Identified the +8 dire flail "Undertaker" {venom, *Corrode MR+ Int+6} (Okawaru gifted it to you on level 3 of the Shoals)
 45438 | Shoals:3 | Reached skill level 21 in Fighting
 46464 | Shoals:4 | Entered Level 4 of the Shoals
 46498 | Shoals:4 | Noticed Ilsuiw
 46530 | Shoals:4 | Killed Ilsuiw
 46957 | Shoals:4 | Received a gift from Okawaru
 47208 | Shoals:4 | Got a brightly glowing bone ring
 47305 | Shoals:4 | Identified the ring "Weugisuk" {rC++ Slay+2 Stlth+} (You found it on level 4 of the Shoals)
 47555 | Shoals:4 | Got a barnacled rune of Zot
 47962 | Shoals:4 | Identified the Guide on Orientation
 48408 | Shoals:1 | Reached XP level 20. HP: 117/144 MP: 26/26
 48922 | Depths:1 | Entered Level 1 of the Depths
 49001 | Depths:1 | Upgraded the game from 0.17.0-73-gb648821 to 0.17.1-1-g73c8601
 49028 | Depths:1 | HP: 6/144 [deep troll earth mage/Lee's Rapid Deconstruction (26)]
 49563 | D:15     | HP: 7/145 [deep troll (4)]
 50726 | Depths:1 | Reached skill level 22 in Fighting
 50879 | Depths:1 | Found a gateway to Hell.
 51469 | Depths:1 | Found a corrupted altar of Lugonu.
 51469 | Depths:1 | Found a one-way gate to the infinite horrors of the Abyss.
 51703 | Depths:2 | Found Rogokk's Assorted Antiques.
 51703 | Depths:2 | Noticed asdu's ghost (adept SpCK)
 51722 | Depths:2 | Killed asdu's ghost
 51808 | Depths:2 | Bought a potion of curing for 90 gold pieces
 51808 | Depths:2 | Bought an ichor-stained helmet for 285 gold pieces
 51809 | Depths:2 | Identified the +0 helmet of Zigeck {Regen+} (You bought it in a shop on level 2 of the Depths)
 51832 | Depths:2 | Found Ruattil's Jewellery Emporium.
 51841 | Depths:2 | Bought the ring "Nicuicrisk" {Str+2 SInv} for 419 gold pieces
 52253 | Depths:2 | Found Yghaumeem's Antique Weapon Boutique.
 52289 | Depths:2 | Found Nyreunoelu's Assorted Antiques.
 52913 | Depths:2 | Received a gift from Okawaru
 53117 | Depths:2 | Reached XP level 21. HP: 145/152 MP: 27/27
 53277 | Depths:2 | Reached skill level 23 in Fighting
 53727 | Depths:3 | Noticed a juggernaut
 53736 | Depths:3 | Killed a juggernaut
 53891 | Depths:3 | Found a one-way gate leading to the halls of Pandemonium.
 53895 | Depths:3 | Found a shimmering altar of Xom.
 53895 | Depths:3 | Found a glowing silver altar of Zin.
 53950 | Depths:3 | Paralysed by a wizard for 6 turns
 53964 | Depths:3 | Found a gateway to a ziggurat.
 53973 | Depths:3 | Found a radiant altar of Vehumet.
 54075 | Depths:3 | Received a gift from Okawaru
 54197 | Depths:3 | Noticed a caustic shrike
 54243 | Depths:3 | Killed a caustic shrike
 54250 | Depths:3 | Killed from afar by a spriggan air mage

Action                   |  1- 3 |  4- 6 |  7- 9 | 10-12 | 13-15 | 16-18 | 19-21 || total
-------------------------+-------+-------+-------+-------+-------+-------+-------++-------
Melee: Flail             |   127 |   252 |   385 |   473 |       |       |       ||  1237
       Great mace        |       |       |       |   315 |  1157 |  1710 |  1407 ||  4589
Invok: Heroism           |       |       |       |     8 |     6 |    21 |    30 ||    65
       Finesse           |       |       |       |     3 |     2 |     8 |    14 ||    27
 Abil: Fly               |       |       |       |       |     1 |       |       ||     1
       Evoke Blink       |       |       |       |       |       |     1 |       ||     1
Evoke: Wand              |       |       |       |       |     1 |       |     1 ||     2
  Use: Potion            |       |     2 |     2 |     5 |     8 |    12 |     7 ||    36
       Scroll            |       |    10 |     5 |    12 |    11 |    20 |    13 ||    71
  Eat: Bread ration      |     1 |     1 |       |     6 |     8 |     4 |     2 ||    22
       Beef jerky        |       |     2 |     1 |       |       |     7 |       ||    10
       Meat ration       |       |       |     2 |     1 |       |     4 |     1 ||     8
       Chunk             |       |       |     1 |       |       |     2 |     8 ||    11
       Pizza             |       |       |       |     1 |     1 |     1 |     2 ||     5
       Fruit             |       |       |       |       |       |    20 |    15 ||    35
       Royal jelly       |       |       |       |       |       |       |     1 ||     1
